 Dungeon Crawl Stone Soup version 0.29.1 (webtiles) character file.

Game seed: 6988781357468876409

32 groovy9 the Shooter (level 3, 0/31 HPs)
             Began as a Minotaur Hunter on Sept 15, 2022.
             Slain by a worm (3 damage)
             ... on level 1 of the Dungeon.
             The game lasted 00:01:55 (899 turns).

groovy9 the Shooter (Minotaur Hunter)                Turns: 899, Time: 00:01:56

Health: 0/31       AC:  3    Str: 15    XL:     3   Next: 10%
Magic:  2/2        EV: 16    Int:  6    God:
Gold:   60         SH:  0    Dex: 15    Spells: 2/2 levels left

rFire   . . .      SeeInvis .   a - +0 shortbow
rCold   . . .      Faith    .   (shield currently unavailable)
rNeg    . . .      Spirit   .   c - +0 leather armour
rPois   +          Reflect  .   (helmet restricted)
rElec   .          Harm     .   (no cloak)
rCorr   .          Rampage  .   (no gloves)
Will    .....                   (no boots)
Stlth   +.........              (no amulet)
HPRegen 0.10/turn               e - ring of poison resistance
MPRegen 0.08/turn               f - +4 ring of evasion

@: no status effects
A: horns 2, retaliatory headbutt
a: no special abilities


You were on level 1 of the Dungeon.
You visited 1 branch of the dungeon, and saw 1 of its levels.

You collected 60 gold pieces.

Inventory:

Hand Weapons
 a - a +0 shortbow (weapon)
Armour
 c - a +0 leather armour (worn)
Jewellery
 e - a ring of poison resistance (left hand)
 f - a +4 ring of evasion (right hand)
Scrolls
 b - a scroll of immolation
 d - 2 scrolls of identify {unknown}
 g - a scroll of poison {unknown}


   Skills:
 + Level 3.0 Fighting
 * Level 5.0 Ranged Weapons
 + Level 2.7 Dodging
 - Level 0.7 Stealth


You had 2 spell levels left.
You didn't know any spells.
Your spell library contained the following spells:

 Spells                   Type           Power      Damage    Failure   Level
 Slow                     Hex            0%         N/A       52%         1
 Passwall                 Tmut/Erth      0%         N/A       67%         2
 Confusing Touch          Hex            0%         N/A       88%         3
 Portal Projectile        Hex/Tloc       0%         N/A       88%         3
 Tukima's Dance           Hex            0%         N/A       88%         3
 Vampiric Draining        Necr           0%         2d6       88%         3
 Ice Form                 Ice/Tmut       0%         N/A       99%         4
 Blade Hands              Tmut           0%         N/A       100%        5
 Yara's Violent Unravell  Hex/Tmut       0%         3d3       100%        5
 Dragon Form              Tmut           0%         N/A       100%        7


Dungeon Overview and Level Annotations

Branches:
Dungeon (1/15)

Altars:


Innate Abilities, Weirdness & Mutations

You have a pair of horns on your head.
You reflexively headbutt those who attack you in melee.


Message History

You are frozen.
* * * LOW HITPOINT WARNING * * *
The endoplasm barely misses you.
Fire: a) +0 shortbow
Press: ? - help, Q - select action Shift-Dir - straight line, f/p - endoplasm
Aim: an endoplasm (severely wounded, 86% to hit)
You shoot an arrow. The arrow hits the endoplasm.
You kill the endoplasm!
The giant cockroach closely misses you.
Fire: a) +0 shortbow
Press: ? - help, Q - select action Shift-Dir - straight line, f - giant cockroach
Aim: a giant cockroach (62% to hit)
You shoot an arrow. The arrow hits the giant cockroach!
You kill the giant cockroach!
Fire: a) +0 shortbow
Press: ? - help, Q - select action Shift-Dir - straight line, f - worm
Aim: a worm (79% to hit)
You shoot an arrow. The arrow hits the worm!
The worm is moderately wounded.
The worm misses you.
Fire: a) +0 shortbow
Press: ? - help, Q - select action Shift-Dir - straight line, f/p - worm
Aim: a worm (moderately wounded, 79% to hit)
You shoot an arrow.
The arrow hits the worm but does no damage.
The worm is moderately wounded.
The worm closely misses you.
Fire: a) +0 shortbow
Press: ? - help, Q - select action Shift-Dir - straight line, f/p - worm
Aim: a worm (moderately wounded, 79% to hit)
You shoot an arrow. The arrow hits the worm.
The worm is heavily wounded.
Fire: a) +0 shortbow
Press: ? - help, Q - select action Shift-Dir - straight line, f/p - worm
Aim: a worm (heavily wounded, 79% to hit)
You shoot an arrow.
The arrow hits the worm but does no damage.
The worm is heavily wounded.
The worm bites you.
You die...

##.# #..........###.## #
##.# ##...##.###.##...## #
...# #..#.##.###.#.....## #
#### #..................# #
#
#..###'#######+###.########
#
#..#..⌠...>...⌠..#..)......
#
#..#......<......#.#.######
#..'⌠....###....⌠+.#.#
##.#......@......#...#
#.#######w#######.#.#
#.#.............#.#.#
#.#.............#...# ###
#.#.............#.### ..#
#.###############.# ..#
#.................# ..#
####....>##.#...### #####
..# #.....##......#####..).


You could see a worm.

Vanquished Creatures
  2 ball pythons (D:1)
  3 bats (D:1)
  6 endoplasms (D:1)
  5 giant cockroaches (D:1)
  2 jackals (D:1)
  A kobold (D:1)
  2 quokkas (D:1)
  A frilled lizard (D:1)
  5 rats (D:1)
27 creatures vanquished.

Notes
Turn   | Place    | Note
-------+----------+-------------------------------------------
     0 | D:1      | groovy9 the Minotaur Hunter began the quest for the Orb.
     0 | D:1      | Reached XP level 1. HP: 18/18 MP: 0/0
     1 | D:1      | Found a runed translucent door.
   175 | D:1      | Got the Teachings on Variation
   471 | D:1      | Reached XP level 2. HP: 25/25 MP: 1/1
   715 | D:1      | Found a faded altar of an unknown god.
   885 | D:1      | Reached skill level 5 in Ranged Weapons
   889 | D:1      | Reached XP level 3. HP: 14/31 MP: 2/2
   899 | D:1      | Slain by a worm

Illustrated notes

Levels and vault maps discovered:
D:1:      dpeg_arrival_caged_fury, layout_loops_corners,
          ebering_ecumenical_altar_sacrificial

Skill      XL: |  1  2 |
---------------+-------+-----
Fighting       | 3 |  3.0
Ranged Weapons | 5 |  5.0
Dodging        | |  2.7
Stealth        | |  0.7

Action                   || total
-------------------------++-------
 Fire: Shortbow          ||    81
Armor: Leather armour    ||    10
Dodge: Dodged            ||    56
